 Dungeon Crawl Stone Soup version 0.17.1-3-g152610e (webtiles) character file.

1296 Heskey the Skirmisher (level 8, -4/64 HPs)
             Began as a Demonspawn Fighter on Mar 22, 2016.
             Killed by nerve-wracking pain
             ... invoked by a shadow imp
              (10 damage)
             ... on level 6 of the Dungeon.
             The game lasted 00:07:53 (4260 turns).

Heskey the Skirmisher (Demonspawn Fighter)          Turns: 4260, Time: 00:07:53

Health: -4/64      AC: 12    Str: 19    XL:     8   Next: 31%
Magic:  8/8        EV:  9    Int:  9    God:
Gold:   339        SH:  9    Dex: 13    Spells: 0 memorised, 7 levels left

rFire  . . .     SeeInvis .     a - +0 war axe
rCold  . . .     Clarity  .     b - +0 scale mail
rNeg   . . .     SustAt   .     c - +0 shield
rPois  .         Gourm    .     p - +0 helmet
rElec  .         Spirit   .     q - +0 cloak
rCorr  .         Warding  .     (no gloves)
rMut   .         Stasis   .     (no boots)
MR     .....                    (no amulet)
Stlth  ..........               (no ring)
                                (no ring)

@: not resistant to hostile enchantments, extremely unstealthy
A: thin metallic scales 2, spiny 1
a: no special abilities


You were on level 6 of the Dungeon.
You were not hungry.

You visited 1 branch of the dungeon, and saw 6 of its levels.
You also visited: Sewer.

You collected 339 gold pieces.

Inventory:

Hand Weapons
 a - a +0 war axe (weapon)
Armour
 b - a +0 scale mail (worn)
 c - a +0 shield (worn)
 p - a +0 helmet (worn)
 q - a +0 cloak (worn)
Wands
 y - a wand of fireball (6)
Scrolls
 h - 3 scrolls of fear {unknown}
 i - 6 scrolls of identify {unknown}
 j - 6 scrolls of teleportation {unknown}
 k - 3 scrolls of remove curse {unknown}
 l - a scroll of random uselessness {unknown}
 o - 3 scrolls of enchant armour {unknown}
 s - a scroll of enchant weapon {unknown}
 v - 2 scrolls of blinking {unknown}
Potions
 d - 3 potions of might
 f - a potion of degeneration {unknown}
 g - a potion of magic
 r - 2 potions of haste
 t - 2 potions of flight {unknown}
 u - 2 potions of poison {unknown}
 w - 3 potions of cancellation {unknown}
 x - a potion of curing {unknown}
 z - a potion of invisibility {unknown}
 A - a potion of resistance {unknown}
 B - a potion of lignification {unknown}
 C - a potion of heal wounds {unknown}
 D - a potion of brilliance {unknown}
Comestibles
 e - 3 bread rations
 m - a meat ration
 n - 3 fruits
 E - 3 chunks of flesh


   Skills:
 * Level 5.8 Fighting
 * Level 5.4 Axes
 + Level 4.4 Armour
 + Level 2.9 Dodging
 + Level 1.0 Stealth
 + Level 4.2 Shields


You had 7 spell levels left.
You didn't know any spells.

Dungeon Overview and Level Annotations

Branches:
Dungeon (6/15)             Temple (0/1) D:4

Altars:
Elyvilon
Fedhas
Nemelex Xobeh
Qazlal
Vehumet

Shops:
D:4 :

Annotations:
D:6 Eustachio


Innate Abilities, Weirdness & Mutations

You are mostly covered in thin metallic scales (AC +3).
You are partially covered in sharp spines.


Message History

The shadow imp gestures at you.
You struggle to resist.
You continue eating.
Drink which item? (? for menu, Esc to quit)
Okay, then.
You hit the shadow imp.
The shadow imp is heavily wounded.
The shadow imp gestures at you. Pain shoots through your body!
* * * LOW HITPOINT WARNING * * *
The shadow imp hits you but does no damage.
Your shield and scale mail prevent you from hitting the shadow imp.
The shadow imp is heavily wounded.
The shadow imp is struck by your spines.
The shadow imp hits you but does no damage.
Drink which item? (? for menu, Esc to quit)
It was a potion of magic.
Magic courses through your body. The shadow imp gestures at you.
Pain shoots through your body!
You die...

#....># #.....#####
#.....#...#
#......#.### ####
#..##.|...#####...
##..#.##..##..(..
##..........# .#
#......##(#..##.##
#.##.#.##.@Y..$..#
#.
#...####5.##.......
# .#..#
##.......... #.....
.###...##.. ######.
.. ....Y . ....
##.... .... .#.#.
#.... ##%.


You could see a yak and a shadow imp.

Vanquished Creatures
  2 yaks (D:6)
  An ice beast (D:5)
  An ogre (D:4)
  A phantom (D:5)
  A sky beast (D:5)
  The ghost of Shufflesack the Magician, an amateur DEWz (D:3)
  A scorpion (D:4)
  A centaur zombie (D:5)
  A hound (D:5)
  A centaur skeleton (D:4)
  A jelly (D:5)
  3 orc priests (D:3)
  2 worker ants (D:4)
  3 orc wizards
  Robin (D:2)
  6 adders
  3 gnolls (D:4)
  An ooze (Sewer)
  2 worms
  12 orcs
  4 ball pythons
  10 bats
  10 giant cockroaches
  16 hobgoblins
  12 jackals
  4 kobolds
  3 quokkas
  5 giant geckos
  A giant gecko zombie (D:5)
  2 giant newts
  11 goblins
  5 rats
128 creatures vanquished.

Notes
Turn   | Place    | Note
--------------------------------------------------------------
     0 | D:1      | Heskey the Demonspawn Fighter began the quest for the Orb.
     0 | D:1      | Reached XP level 1. HP: 18/18 MP: 1/1
   104 | D:1      | Gained mutation: You are partially covered in sharp spines. [demonic ancestry]
   104 | D:1      | Reached XP level 2. HP: 24/24 MP: 2/2
   457 | D:2      | Reached XP level 3. HP: 26/30 MP: 3/3
   612 | D:2      | Noticed Robin
   617 | D:2      | Reached skill level 4 in Fighting
   621 | D:2      | Reached XP level 4. HP: 32/37 MP: 4/4
   625 | D:2      | Killed Robin
   747 | D:2      | Found a blossoming altar of Fedhas.
  1022 | D:3      | Found a faded altar to an unknown god.
  1052 | D:3      | Noticed Shufflesack's ghost (amateur DEWz)
  1059 | D:3      | Killed Shufflesack's ghost
  1059 | D:3      | Reached XP level 5. HP: 42/42 MP: 5/5
  1130 | D:3      | Reached skill level 1 in Dodging
  1162 | D:3      | Found a glowing drain.
  1205 | Sewer    | Entered a sewer
  1580 | Sewer    | Gained mutation: You are partially covered in thin metallic scales (AC +2). [demonic ancestry]
  1580 | Sewer    | Reached XP level 6. HP: 49/49 MP: 6/6
  2435 | D:4      | Found a radiant altar of Vehumet.
  2484 | D:4      | Reached XP level 7. HP: 26/55 MP: 7/7
  2945 | D:4      | Found a staircase to the Ecumenical Temple.
  3076 | D:4      | Found a sparkling altar of Nemelex Xobeh.
  3100 | D:4      | Found Sur Inn's Book Boutique.
  3270 | D:5      | Entered Level 5 of the Dungeon
  3307 | D:5      | Reached skill level 5 in Fighting
  3489 | D:5      | Reached skill level 1 in Stealth
  3581 | D:5      | Reached skill level 5 in Axes
  3581 | D:5      | Gained mutation: You are mostly covered in thin metallic scales (AC +3). [demonic ancestry]
  3581 | D:5      | Reached XP level 8. HP: 54/63 MP: 8/8
  3583 | D:5      | Found a stormy altar of Qazlal.
  3781 | D:5      | Found a white marble altar of Elyvilon.
  4208 | D:6      | Noticed Eustachio
  4260 | D:6      | Killed from afar by a shadow imp

Action                   |  1- 3 |  4- 6 |  7- 9 || total
-------------------------+-------+-------+-------++-------
Melee: War axe           |    52 |   135 |    89 ||   276
  Use: Potion            |       |       |     1 ||     1
  Eat: Chunk             |       |     5 |     6 ||    11
